 Dungeon Crawl Stone Soup version 0.24-a0-509-ga1643a6788 (webtiles) character file.

Game seed: 5884177743922397316

69 vurker the Caller (level 4, -5/32 HPs)
             Began as a Gnoll Summoner on July 19, 2019.
             Killed by nerve-wracking pain
             ... invoked by an orc priest
              (10 damage)
             ... on level 4 of the Dungeon.
             The game lasted 00:04:02 (2156 turns).

vurker the Caller (Gnoll Summoner)                  Turns: 2156, Time: 00:04:02

Health: -5/32      AC:  2    Str: 10    XL:     4   Next: 20%
Magic:  1/11       EV: 15    Int: 18    God:
Gold:   36         SH:  0    Dex: 16    Spells: 7/13 levels left

rFire    . . .     SeeInvis .   f - +0 dagger
rCold    . . .     Gourm    .   (no shield)
rNeg     . . .     Faith    .   a - +0 robe
rPois    .         Spirit   .   (no helmet)
rElec    .         Reflect  .   (no cloak)
rCorr    .         Harm     .   (no gloves)
MR       .....                  (no boots)
Stlth    +++.......             (no amulet)
HPRegen  0.10/turn              (no ring)
MPRegen  0.12/turn              (no ring)

@: no status effects
A: distributed training, fangs 1, strong nose
a: no special abilities


You were on level 4 of the Dungeon.
You were not hungry.

You visited 1 branch of the dungeon, and saw 3 of its levels.

You collected 36 gold pieces.

Inventory:

Hand Weapons
 f - a +0 dagger (weapon)
   (You took it off a goblin on level 1 of the Dungeon)
Armour
 a - a +0 robe (worn)
Scrolls
 c - 3 scrolls of identify {unknown}
 d - 2 scrolls of remove curse {unknown}
 g - a scroll of fog {unknown}
Comestibles
 b - a chunk of flesh
 e - 4 rations {!d}


   Skills:
 + Level 1.0 Fighting
 + Level 1.0 Short Blades
 + Level 1.0 Long Blades
 + Level 1.0 Axes
 + Level 1.0 Maces & Flails
 + Level 1.0 Polearms
 + Level 1.0 Staves
 + Level 1.0 Slings
 + Level 1.0 Bows
 + Level 1.0 Crossbows
 + Level 1.0 Throwing
 + Level 1.0 Armour
 + Level 4.6 Dodging
 + Level 4.2 Stealth
 + Level 1.0 Shields
 + Level 1.0 Unarmed Combat
 + Level 5.0 Spellcasting
 + Level 0.8 Conjurations
 + Level 0.8 Hexes
 + Level 0.8 Charms
 + Level 7.1 Summonings
 + Level 0.8 Necromancy
 + Level 0.8 Translocations
 + Level 0.8 Transmutations
 + Level 0.8 Fire Magic
 + Level 0.8 Ice Magic
 + Level 0.8 Air Magic
 + Level 0.8 Earth Magic
 + Level 0.8 Poison Magic
 + Level 1.1 Invocations
 + Level 1.0 Evocations


You had 7 spell levels left.
You knew the following spells:

 Your Spells              Type           Power        Failure   Level  Hunger
a - Summon Small Mammal   Summ           ####         1%          1    None
b - Call Imp              Summ           ####....     1%          2    #......
d - Call Canine Familiar  Summ           ####....     2%          3    ##.....

Your spell library contained the following spells:

 Spells                   Type           Power        Failure   Level  Hunger
 Summon Guardian Golem    Hex/Summ       ###.....     8%          3    ##.....
 Summon Ice Beast         Ice/Summ       ###.....     26%         4    ####...
 Summon Lightning Spire   Summ/Air       ###.....     26%         4    ####...


Dungeon Overview and Level Annotations

Branches:
Dungeon (2/15)

Altars:
Sif Muna
Trog
Xom


Innate Abilities, Weirdness & Mutations

Your experience applies equally to all skills.
You have very sharp teeth.
Your uncanny sense of smell can sniff out nearby items.


Message History

Your hound bites the orc priest.
Your shadow imp gestures at the orc priest.
The orc priest writhes in agony!
The orc priest dies!
You have reached level 4!
You feel agile. What are your orders? t - Bark!
Orders for allies: a - Attack new target. r - Retreat! s - Stop attacking. g - Guard the area. f - Follow me.
Anything else - Cancel.
Gang up on whom?
Aim: an orc priest, wielding a -1 hand axe and wearing a +0 ring mail Attack!
The orc hits your hound with a +0 flail!
Your shadow imp barely misses the orc priest.
Your hound barely misses the orc.
The orc priest invokes the aid of Beogh against you.
Beogh smites you!
* * * LOW HITPOINT WARNING * * *
Your shadow imp hits the orc priest but does no damage.
You aren't carrying any potions.
Okay, then.
Your hound bites the orc but does no damage.
The orc hits your hound with a +0 flail.
The orc priest looks braver for a moment.
Your hound bites the orc.
Your crimson imp appears confused.
Your shadow imp hits the orc priest but does no damage.
Your hound bites the orc.
The orc priest hits your hound with a cursed -1 hand axe.
The orc priest completely misses your shadow imp.
The orc priest hits your crimson imp with a cursed -1 hand axe.
Your crimson imp closely misses something.
The orc hits your hound with a +0 flail.
Your hound dies!
Your hound's corpse disappears in a puff of smoke!
Something closely misses your crimson imp.
Your shadow imp hits the orc priest.
You don't have enough magic to cast that spell.
The orc barely misses your shadow imp.
Your shadow imp hits the orc priest but does no damage.
Your crimson imp closely misses something.
Something hits your crimson imp.
Your shadow imp barely misses the orc priest.
You hit the orc priest.
The orc priest mumbles some strange prayers to Beogh against you.
Pain shoots through your body!
You die...

#....#
##....#
.
#.....
..
..?.##.
..[...
#...#
#o55#
#o..#
#@..#
#####


You could see an orc priest, an orc, a friendly crimson imp (confused) and a
friendly shadow imp.

Vanquished Creatures
  A worm (D:2)
  A leopard gecko (D:2)
  A bat (D:2)
  2 giant cockroaches (D:2)
  3 hobgoblins
  2 quokkas (D:2)
  A frilled lizard (D:1)
  3 goblins
  5 rats
19 creatures vanquished.

Vanquished Creatures (collateral kills)
  An orc priest (D:4)
  Jessica (D:2)
  An adder (D:2)
  2 dart slugs (D:1)
  A bat (D:2)
  2 giant cockroaches
  3 goblins (D:1)
  A hobgoblin (D:1)
  2 rats (D:1)
14 creatures vanquished.

Grand Total: 33 creatures vanquished

Notes
Turn   | Place    | Note
-------+----------+-------------------------------------------
     0 | D:1      | vurker the Gnoll Summoner began the quest for the Orb.
     0 | D:1      | Reached XP level 1. HP: 13/13 MP: 6/6
   391 | D:1      | Reached XP level 2. HP: 19/19 MP: 4/7
   395 | D:1      | Learned a level 2 spell: Call Imp
   663 | D:1      | Found a snail-covered altar of Cheibriados.
   665 | D:1      | Found a deep blue altar of Sif Muna.
   665 | D:1      | Found a deep blue altar of Sif Muna.
   667 | D:1      | Found a sparkling altar of Nemelex Xobeh.
   667 | D:1      | Found a bloodstained altar of Trog.
   667 | D:1      | Found a shimmering altar of Xom.
  1503 | D:2      | Reached XP level 3. HP: 24/25 MP: 9/9
  1508 | D:2      | Learned a level 3 spell: Call Canine Familiar
  1617 | D:2      | Reached skill level 5 in Spellcasting
  2048 | D:2      | Reached skill level 1 in Invocations
  2066 | D:2      | Noticed Jessica
  2082 | D:2      | Killed Jessica
  2082 | D:2      | Reached skill level 1 in Fighting
  2082 | D:2      | Reached skill level 1 in Short Blades
  2082 | D:2      | Reached skill level 1 in Long Blades
  2082 | D:2      | Reached skill level 1 in Axes
  2082 | D:2      | Reached skill level 1 in Maces & Flails
  2082 | D:2      | Reached skill level 1 in Polearms
  2082 | D:2      | Reached skill level 1 in Staves
  2082 | D:2      | Reached skill level 1 in Slings
  2082 | D:2      | Reached skill level 1 in Bows
  2082 | D:2      | Reached skill level 1 in Crossbows
  2082 | D:2      | Reached skill level 1 in Throwing
  2082 | D:2      | Reached skill level 1 in Armour
  2082 | D:2      | Reached skill level 1 in Shields
  2082 | D:2      | Reached skill level 1 in Unarmed Combat
  2082 | D:2      | Reached skill level 1 in Evocations
  2143 | D:2      | You fall into a shaft and drop 2 floors!
  2149 | D:4      | Reached XP level 4. HP: 19/32 MP: 0/11
  2156 | D:4      | Killed from afar by an orc priest

Levels and vault maps discovered:
D:1:      sevenhm_arrival_forest_fort_small_4, layout_rooms, doesnt_xom_only_xom
D:2:      layout_basic, first_ration, uniq_jessica, uniq_natasha
D:4:      layout_basic, grunt_decor_one_mirror, kennysheep_path_1

Skill      XL: |  1  2  3 |
---------------+----------+-----
Spellcasting   | 5 |  5.0
Invocations    | 1 |  1.1
Fighting       | 1 |  1.0
Short Blades   | 1 |  1.0
Long Blades    | 1 |  1.0
Axes           | 1 |  1.0
Maces & Flails | 1 |  1.0
Polearms       | 1 |  1.0
Staves         | 1 |  1.0
Slings         | 1 |  1.0
Bows           | 1 |  1.0
Crossbows      | 1 |  1.0
Throwing       | 1 |  1.0
Armour         | 1 |  1.0
Shields        | 1 |  1.0
Unarmed Combat | 1 |  1.0
Evocations     | 1 |  1.0
Dodging        | |  4.6
Stealth        | |  4.2
Conjurations   | |  0.8
Hexes          | |  0.8
Charms         | |  0.8
Summonings     | |  7.1
Necromancy     | |  0.8
Translocations | |  0.8
Transmutations | |  0.8
Fire Magic     | |  0.8
Ice Magic      | |  0.8
Air Magic      | |  0.8
Earth Magic    | |  0.8
Poison Magic   | |  0.8

Action                   |  1- 3 |  4- 6 || total
-------------------------+-------+-------++-------
Melee: Unarmed           |    20 |       ||    20
       Dagger            |   106 |     1 ||   107
       Bite              |     9 |       ||     9
 Cast: Summon Small Mamm |    19 |       ||    19
       Call Imp          |     9 |       ||     9
       Call Canine Famil |     1 |       ||     1
 Stab: Sleeping          |     3 |       ||     3
  Eat: Chunk             |     4 |       ||     4
Armor: Robe              |    18 |       ||    18
Dodge: Dodged            |   100 |       ||   100

Table legend:
 A = Non-vault XP
 B = Vault XP
 C = Vault XP percentage of total XP
 D = Non-vault monster count
 E = Vault monster count
 F = Vault count percentage of total count
                 A         B        C        D         E       F
            +---------+---------+-------+---------+---------+-------
      Total |      80 |      19 |  19.2 |      32 |       1 |   3.0
            +---------+---------+-------+---------+---------+-------
        D:1 |      21 |       0 |   0.0 |      16 |       0 |   0.0
        D:2 |      37 |      19 |  33.9 |      15 |       1 |   6.2
        D:4 |      22 |       0 |   0.0 |       1 |       0 |   0.0
            +---------+---------+-------+---------+---------+-------
